 Dungeon Crawl Stone Soup version 0.18.1-50-g88ac8fd (webtiles) character file.

121 Amnesiac the Cutter (level 4, -3/27 HPs)
             Began as a Deep Elf Fighter on Mar 1, 2018.
             Slain by Grinder (5 damage)
             ... while paralysed by Grinder
             ... on level 4 of the Dungeon.
             The game lasted 00:04:39 (2239 turns).

Amnesiac the Cutter (Deep Elf Fighter)              Turns: 2239, Time: 00:04:39

Health: -3/27      AC:  6    Str: 14    XL:     4   Next: 77%
Magic:  6/6        EV:  2    Int: 13    God:
Gold:   114        SH:  0    Dex: 14    Spells: 0 memorised, 3 levels left

rFire  . . .     SeeInvis .     a - +0 rapier
rCold  . . .     Gourm    .     e - +0 scale mail
rNeg   . . .     Faith    .     c - +0 shield
rPois  .         Spirit   .     (no helmet)
rElec  .         Dismiss  .     (no cloak)
rCorr  .         Reflect  .     (no gloves)
SustAt .         Harm     .     (no boots)
MR     .....                    (no amulet)
Stlth  ..........               (no ring)
                                (no ring)

@: paralysed, not resistant to hostile enchantments, extremely unstealthy
A: no striking features
a: no special abilities


You were on level 4 of the Dungeon.
You were not hungry.

You visited 1 branch of the dungeon, and saw 4 of its levels.

You collected 114 gold pieces.

Inventory:

Hand Weapons
 a - a +0 rapier (weapon)
 b - a +0 hunting sling
Missiles
 i - 113 stones (quivered)
Armour
 c - a +0 shield (worn)
 e - a +0 scale mail (worn)
Wands
 r - a wand of digging (11/24)
Scrolls
 h - a scroll of remove curse {!r}
 n - 2 scrolls of fear {!r}
Potions
 d - a potion of might {!q}
 g - a potion of agility {!q, unknown}
 j - 2 potions of curing {!q}
 k - a potion of beneficial mutation {!q, unknown}
 p - a potion of ambrosia {!q, unknown}
 s - a potion of heal wounds {!q, unknown}
 t - a potion of flight {!q}
Comestibles
 f - 3 bread rations
 o - 3 fruits
 q - 2 chunks of flesh


   Skills:
 - Level 2.4 Fighting
 + Level 4.2 Short Blades
 - Level 2.4 Armour
 - Level 3.0 Dodging
 - Level 2.4 Shields


You had 3 spell levels left.
You didn't know any spells.

Dungeon Overview and Level Annotations

Branches:
Dungeon (4/15)
 Temple: D:4-7

Altars:
Kikubaaqudgha
Pakellas
Qazlal
Ru
Trog

Annotations:
D:2 Natasha
D:3 Amnesiac's ghost, weakling DEFi
D:4 Grinder


Message History

The adder is almost dead.
The adder bites you. The adder bites you but does no damage.
You hit the adder.
You kill the adder!
Read which item? (? for menu, Esc to quit)
Really read
n - 3 scrolls labeled COCWOQ XYMIU {!r}?
As you read the scroll labeled COCWOQ XYMIU {!r}, it crumbles to dust.
You assume a fearsome visage.
Grinder is unaffected.
It was a scroll of fear {!r}.
Read which item? (? for menu, Esc to quit)
Really read
h - 2 scrolls labeled GANEF ARRYDGH {!r}?
As you read the scroll labeled GANEF ARRYDGH {!r}, it crumbles to dust.
You feel blessed for a moment.
It was a scroll of remove curse {!r}.
Grinder gestures at you. Pain shoots through your body!
Read which item? (? for menu, Esc to quit)
Okay, then.
Read which item? (? for menu, Esc to quit)
Really read
k - a scroll labeled LOADUA QEFRAA {!r}?
As you read the scroll labeled LOADUA QEFRAA {!r}, it crumbles to dust.
It is a scroll of identify.
Identify which item? (\ to view known items) (? for menu, Esc to quit)
t - a potion of flight {!q} Read which item? (? for menu, Esc to quit)
Really read
l - a scroll labeled QUODAE MATZOUROFOSH {!r}?
As you read the scroll labeled QUODAE MATZOUROFOSH {!r}, it crumbles to dust.
The creatures around you are filled with an inner flame!
It was a scroll of immolation {!r}.
Read which item? (? for menu, Esc to quit)
Really read
n - 2 scrolls of fear {!r}?
Read which item? (? for menu, Esc to quit)
You can't read that!
Unknown command.
Read which item? (? for menu, Esc to quit)
Really read
m - a scroll labeled CUCKICOLEU {!r}?
As you read the scroll labeled CUCKICOLEU {!r}, it crumbles to dust.
It is a scroll of amnesia.
You feel forgetful for a moment. Grinder gestures at you.
You barely resist.
Drink which item? (? for menu, Esc to quit)
Okay, then.
Grinder gestures at you. Pain shoots through your body!
* * * LOW HITPOINT WARNING * * *
Drink which item? (? for menu, Esc to quit)
Really quaff
j - 3 fizzy dark potions {!q}?
It was a potion of curing {!q}.
You feel better. Grinder gestures at you. You resist with significant effort.
Found 9 arrows.
You see here a glowing sapphire potion {!q}.
k - a glowing sapphire potion {!q} Grinder gestures at you.
You suddenly lose the ability to move!
Grinder hits you.
* * * LOW HITPOINT WARNING * * *
You writhe in agony.
* * * LOW HITPOINT WARNING * * *
Grinder hits you but does no damage. Grinder hits you.
* * * LOW HITPOINT WARNING * * *
You writhe in agony.
You die...

≈≈≈P≈P≈......#
≈≈≈≈P≈P......#
### ≈≈≈≈≈≈......#
...
#..........#...(
##........##...
#.............
#..........#
#..........#
#.......5@.#
#...............#
##........##....#
##.......# ####
####......
#...... #[......
.........


You could see Grinder (inner flame).

Vanquished Creatures
  Ijyb (D:1)
  Terence (D:2)
  4 adders
  A dart slug (D:1)
  A giant gecko (D:3)
  An orc (D:3)
  7 bats
  A giant cockroach (D:2)
  5 goblins
  5 hobgoblins
  3 giant newts (D:1)
  5 kobolds
  5 rats
40 creatures vanquished.

Notes
Turn   | Place    | Note
--------------------------------------------------------------
     0 | D:1      | Amnesiac the Deep Elf Fighter began the quest for the Orb.
     0 | D:1      | Reached XP level 1. HP: 13/13 MP: 3/3
    24 | D:1      | Reached skill level 1 in Dodging
   140 | D:2      | Noticed Ijyb
   324 | D:1      | Reached XP level 2. HP: 15/18 MP: 4/4
  1150 | D:3      | Noticed Amnesiac's ghost (weakling DEFi)
  1342 | D:2      | Noticed Natasha
  1355 | D:2      | Noticed a crimson imp
  1510 | D:1      | Killed Ijyb
  1510 | D:1      | Reached XP level 3. HP: 21/22 MP: 5/5
  1668 | D:2      | Reached skill level 3 in Short Blades
  1717 | D:2      | Noticed Terence
  1728 | D:2      | Killed Terence
  1728 | D:2      | Reached XP level 4. HP: 25/27 MP: 6/6
  1965 | D:3      | Found an ancient bone altar of Kikubaaqudgha.
  2034 | D:3      | Reached skill level 4 in Short Blades
  2078 | D:3      | Found a stormy altar of Qazlal.
  2110 | D:3      | Found a bloodstained altar of Trog.
  2169 | D:3      | Found an oddly glowing altar of Pakellas.
  2171 | D:3      | Found a sacrificial altar of Ru.
  2216 | D:4      | Noticed Grinder
  2236 | D:4      | Paralysed by Grinder for 5 turns
  2239 | D:4      | Slain by Grinder

Skill      XL: |  1  2  3  4 |
---------------+-------------+-----
Dodging        | 2 3 |  3.0
Short Blades   | 3 4 |  4.2
Fighting       | |  2.4
Armour         | |  2.4
Shields        | |  2.4

Action                   |  1- 3 |  4- 6 || total
-------------------------+-------+-------++-------
Melee: Rapier            |   131 |    59 ||   190
  Use: Scroll            |       |     5 ||     5
       Potion            |       |     1 ||     1
  Eat: Chunk             |     3 |     1 ||     4
Armor: Scale mail        |    64 |    15 ||    79
Dodge: Dodged            |    40 |    23 ||    63
Block: Shield            |    62 |    24 ||    86
